 Dungeon Crawl Stone Soup version 0.31.0-32-g396128a36d (webtiles) character file.

Game seed: 2616848204802892890

594 PaiMei the Trooper (level 7, -1/62 HPs)
             Began as a Minotaur Fighter on Mar 12, 2024.
             Incinerated by a bombardier beetle (7 damage)
             ... with a burning spray
             ... on level 5 of the Dungeon.
             The game lasted 00:04:59 (3265 turns).

PaiMei the Trooper (Minotaur Fighter)               Turns: 3265, Time: 00:05:00

Health: -1/62      AC: 19    Str: 23    XL:     7   Next: 16%
Magic:  6/6        EV:  8    Int:  5    God:
Gold:   253        SH: 11    Dex:  9    Spells: 6/6 levels left

rFire   . . .        a - +0 war axe
rCold   . . .        t - +2 kite shield {AC+3}
rNeg    . . .        b - +0 scale mail
rPois   .            (helmet restricted)
rElec   .            v - +2 cloak
rCorr   .            (no gloves)
SInv    .            m - +0 pair of boots
Will    .....        (no amulet) Stlth
                     l - +4 ring of protection
HPRegen 0.30/turn    (no ring)
MPRegen 0.10/turn

%: no passive effects
@: on fire, glowing
A: horns 2, retaliatory headbutt
a: no special abilities


You were on level 5 of the Dungeon.
You visited 1 branch of the dungeon, and saw 5 of its levels.

You collected 253 gold pieces.

Inventory:

Hand Weapons
 a - a +0 war axe (weapon)
Missiles
 h - 14 poisoned darts (quivered)
 y - a throwing net
Armour
 b - a +0 scale mail (worn)
 c - a +0 buckler
 m - a +0 pair of boots (worn)
 n - a scarf of harm
 t - a +2 kite shield of protection (worn)
 v - a +2 cloak (worn)
 z - an orb of energy
Jewellery
 i - a ring of ice
 l - a +4 ring of protection (left hand)
Scrolls
 e - 6 scrolls of identify {unknown}
 g - a scroll of blinking {unknown}
 j - a scroll of acquirement {unknown}
 o - 2 scrolls of immolation {unknown}
 q - a scroll of vulnerability {unknown}
 r - 3 scrolls of fog {unknown}
 s - a scroll of revelation {unknown}
 w - 2 scrolls of enchant weapon {unknown}
 x - 3 scrolls of summoning {unknown}
Potions
 d - 2 potions of might
 f - 2 potions of degeneration {unknown}
 k - 2 potions of enlightenment {unknown}
 p - 2 potions of curing {unknown}
 u - a potion of resistance {unknown}


   Skills:
 + Level 5.9 Fighting
 + Level 5.1 Axes
 + Level 5.8 Armour
 + Level 5.8 Shields


You had 6 spell levels left.
You didn't know any spells.
Your spell library contained the following spells:

 Spells                   Type           Power      Damage    Failure   Level
 Lesser Beckoning         Tloc           0%         N/A       98%         2
 Gell's Gravitas          Tloc           0%         N/A       100%        3
 Teleport Other           Tloc           0%         N/A       100%        3
 Summon Forest            Summ/Tloc      0%         N/A       100%        5
 Eringya's Noxious Bog    Alch           0%         4d6       100%        6
 Summon Hydra             Summ           0%         N/A       100%        7


Dungeon Overview and Level Annotations

Branches:
Dungeon (5/15)             Temple (0/1) D:4

Altars:
Dithmenos
Elyvilon
Makhleb
Uskayaw
Vehumet
Wu Jian
Zin

Shops:
D:1 *


Innate Abilities, Weirdness & Mutations

You have a pair of horns on your head.
You reflexively headbutt those who attack you in melee.


Message History

The bombardier beetle bites you but does no damage.
The howler monkey barely misses you. You furiously retaliate!
You headbutt the howler monkey! You hit the bombardier beetle.
Your headbutt misses the bombardier beetle.
The bombardier beetle is heavily wounded.
You hit the howler monkey. The liquid fire burns you!
The howler monkey hoots and howls with incredible vigour!
The bombardier beetle sprays incendiary fluid at you.
The burning spray hits you.
You are even more covered in liquid fire!
You hit the bombardier beetle but do no damage.
The bombardier beetle is heavily wounded.
You hit the howler monkey but do no damage.
The liquid fire burns you!
* * * LOW HITPOINT WARNING * * *
The howler monkey hoots and howls with incredible vigour!
You block the howler monkey's attack.
You hit the bombardier beetle but do no damage.
The bombardier beetle is heavily wounded.
You hit the howler monkey. The liquid fire burns you!
* * * LOW HITPOINT WARNING * * *
The howler monkey hits you.
* * * LOW HITPOINT WARNING * * *
The bombardier beetle sprays incendiary fluid at you.
You block the burning spray.
The howler monkey hits you but does no damage.
You slash the howler monkey!
You kill the howler monkey!
You hit the bombardier beetle. The liquid fire burns you!
* * * LOW HITPOINT WARNING * * *
You block the bombardier beetle's attack.
You hit the bombardier beetle but do no damage.
You headbutt the bombardier beetle.
The bombardier beetle is almost dead.
The liquid fire burns you!
You die...

...... #. ##.....##.# ##.
#.......... #...##.#.......###
....#..<.........##
.............#....#.[
#.......#....#..........
.............##.@.?.....
...............B......#....
....<.#....#.#####....##..##.
.......##..#...##....##......
........#......#......#......
...............#..............
..........................#..#
................##...........#
........###.............# ...#


You could see a bombardier beetle.

Vanquished Creatures
  A water moccasin (D:5)
  2 ogres
  A howler monkey (D:5)
  A bombardier beetle (D:5)
  A hound (D:5)
  An iguana (D:5)
  5 adders
  4 gnolls (D:4)
  7 dart slugs
  3 ribbon worms
  5 orcs
  8 ball pythons
  6 endoplasms
  4 giant cockroaches
  8 goblins
  9 hobgoblins
  6 jackals (D:2)
  5 bats
  5 frilled lizards
  10 kobolds
92 creatures vanquished.

Vanquished Creatures (others)
  An adder (D:4)
  A giant cockroach (D:4)
2 creatures vanquished.

Grand Total: 94 creatures vanquished

Notes
Turn   | Place    | Note
-------+----------+-------------------------------------------
     0 | D:1      | PaiMei the Minotaur Fighter began the quest for the Orb.
     0 | D:1      | Reached XP level 1. HP: 19/19 MP: 0/0
   100 | D:1      | Found Unlaff's Assorted Antiques.
   151 | D:1      | Reached XP level 2. HP: 27/27 MP: 1/1
   602 | D:2      | Reached XP level 3. HP: 33/33 MP: 2/2
   845 | D:2      | Reached XP level 4. HP: 35/41 MP: 3/3
  1502 | D:3      | Found a hide-covered altar of Uskayaw.
  1603 | D:3      | Found a glowing silver altar of Zin.
  1663 | D:3      | Found a radiant altar of Vehumet.
  1751 | D:3      | Found a faded altar of an unknown god.
  1982 | D:4      | Noticed an ogre
  1991 | D:4      | Killed an ogre
  1992 | D:4      | Reached XP level 5. HP: 15/47 MP: 4/4
  2406 | D:4      | Found a shadowy altar of Dithmenos.
  2478 | D:4      | Reached skill level 5 in Fighting
  2502 | D:4      | Found a staircase to the Ecumenical Temple.
  2559 | D:4      | Found a white marble altar of Elyvilon.
  2722 | D:4      | Reached skill level 5 in Shields
  2728 | D:4      | Reached skill level 5 in Armour
  2751 | D:4      | Reached XP level 6. HP: 45/56 MP: 5/5
  2830 | D:4      | Found an ornate altar of the Wu Jian Council.
  2890 | D:5      | Entered Level 5 of the Dungeon
  2934 | D:5      | Noticed a water moccasin
  2950 | D:5      | Killed a water moccasin
  2981 | D:5      | Noticed Edmund
  3130 | D:5      | Found a burning altar of Makhleb.
  3217 | D:5      | Reached skill level 5 in Axes
  3217 | D:5      | Reached XP level 7. HP: 62/62 MP: 6/6
  3265 | D:5      | Incinerated by a bombardier beetle

Illustrated notes

Levels and vault maps discovered:
D:1:      wander_arrival_chamber, layout_basic, serial_shops, shop
D:2:      layout_basic, chequers_mini_garden, chequers_serial_rivers_micro_b
D:3:      layout_basic, overflow_temple_1_default, old_standard_altar,
          mainiacjoe_overflow_concentric_impassable,
          dreamdust_ecumenical_altar_sealed_demon
D:4:      layout_rooms, mainiacjoe_overflow_paths, elyvilon_altar_4,
          nzn_wu_jian_council_hall, minmay_temple_entry_drinking_statues,
          kennysheep_small_square
D:5:      layout_cave_pools, lemuel_round_altar, uniq_edmund

Skill      XL: |  1  2  3  4  5  6 |
---------------+-------------------+-----
Fighting       | 4 5 |  5.9
Armour         | 4 5 |  5.8
Shields        | 4 5 |  5.8
Axes           | 3 4 5 |  5.1

Action                     |  1- 3 |  4- 6 |  7- 9 || total
---------------------------+-------+-------+-------++-------
  Melee: War axe           |    69 |   119 |    16 ||   204
         Headbutt          |    12 |    15 |     4 ||    31
 Armour: Scale mail        |    51 |    92 |    10 ||   153
  Dodge: Dodged            |    39 |    57 |     2 ||    98
  Block: Buckler           |    20 |    10 |       ||    30
         Kite shield       |       |    36 |     9 ||    45
